 Dungeon Crawl Stone Soup version 0.22-a0-553-g9358b0b (webtiles) character file.

712 kae the Insei (level 7, -4/54 HPs)
             Began as a Demonspawn Transmuter on June 25, 2018.
             Splashed by Ijyb's acid (7 damage)
             ... on level 5 of the Dungeon.
             The game lasted 00:05:27 (4617 turns).

kae the Insei (Demonspawn Transmuter)               Turns: 4617, Time: 00:05:29

Health: -4/54      AC: -6    Str: 10    XL:     7   Next: 41%
Magic:  0/12       EV: 19    Int: 18    God:
Gold:   172        SH:  3    Dex: 21    Spells: 7/13 levels left

rFire    . . .     SeeInvis .     - Unarmed
rCold    . . .     Gourm    .   (shield currently unavailable)
rNeg     . . .     Faith    .   (armour currently unavailable)
rPois    x         Spirit   +   (helmet currently unavailable)
rElec    .         Reflect  +   (cloak currently unavailable)
rCorr    .         Harm     .   (gloves currently unavailable)
MR       .....                  (boots currently unavailable)
Stlth    ++........             e - +3 amulet of reflection
HPRegen  0.18/turn              c - +4 ring of intelligence
MPRegen  0.26/turn              (no ring)

@: spider-form, corroded
A: tiny, rugged brown scales 2, magic shield, magic regeneration
a: End Transformation


You were on level 5 of the Dungeon.
You were hungry.
You were a venomous arachnid creature.
You visited 1 branch of the dungeon, and saw 5 of its levels.
You also visited: Sewer.

You collected 172 gold pieces.

Inventory:

Hand Weapons
 q - a +0 hand axe of chopping (melded)
Missiles
 a - 45 arrows
Armour
 b - a +1 robe (melded)
 s - a +0 cloak (melded)
Jewellery
 c - a +4 ring of intelligence (left front leg)
 e - a +3 amulet of reflection (around neck)
 p - a +2 ring of strength {unknown}
 v - a +2 amulet of reflection
Wands
 r - a wand of iceblast (6)
Scrolls
 g - 2 scrolls of remove curse
 i - 3 scrolls of teleportation
 l - 3 scrolls of blinking {unknown}
 m - 2 scrolls of fear {unknown}
 o - 2 scrolls of identify
 x - a scroll of fog {unknown}
Potions
 f - 2 potions of might
 h - a potion of agility {unknown}
 j - 2 potions of brilliance {unknown}
 k - a potion of degeneration {unknown}
 n - a potion of curing {unknown}
 t - 3 potions of heal wounds {unknown}
 u - 2 potions of haste {unknown}
 w - a potion of flight {unknown}
 z - a potion of magic {unknown}
Comestibles
 d - 8 rations


   Skills:
 + Level 3.3 Fighting
 - Level 1.7 Dodging
 * Level 5.1 Unarmed Combat
 + Level 3.5 Spellcasting
 * Level 4.5 Transmutations


You had 7 spell levels left.
You knew the following spells:

 Your Spells              Type           Power        Failure   Level  Hunger
a - Beastly Appendage     Tmut           ###...       9%          1    None
b - Sticks to Snakes      Tmut           ###.....     12%         2    ##.....
c - Spider Form           Tmut/Pois      ##........   38%         3    ###....

Your spell library contained the following spells:

 Spells                   Type           Power        Failure   Level  Hunger
 Blade Hands              Tmut           ###.......   75%         5    ######.
 Ice Form                 Ice/Tmut       ##......     73%         4    ####...


Dungeon Overview and Level Annotations

Branches:
Dungeon (5/15)
 Temple: D:4-7

Altars:
Gozag
Nemelex Xobeh
Zin

Annotations:
D:5 Ijyb


Innate Abilities, Weirdness & Mutations

((You have a pair of small horns on your head.))
(You are mostly covered in rugged brown scales. (AC +2, +5% HP))
When hurt, damage is shared between your health and your magic reserves.
You regenerate magic rapidly.


Message History

Ijyb zaps a wand.
The bolt of acid misses you.
Okay, then.
You barely miss Ijyb.
Ijyb is moderately wounded.
Ijyb hits you.
* * * LOW HITPOINT WARNING * * *
You hit Ijyb but do no damage.
Ijyb looks even sicker.
Ijyb is moderately wounded.
You hit Ijyb.
Ijyb is moderately wounded.
You block Ijyb's attack.
You hit Ijyb but do no damage.
Ijyb looks as sick as possible!
Ijyb is heavily wounded.
Ijyb closely misses you.
You completely miss Ijyb.
Ijyb is heavily wounded.
Ijyb zaps a wand.
The bolt of acid hits you!
* * * LOW HITPOINT WARNING * * *
The acid corrodes you!
You are splashed with acid!
The acid burns!
You die...

#
####.#
#.sg.#
#.####
#.#
#.# ##
#.# .
.##
#.# #
(.#
#.# #
#.#
#.#
#####.
#.#
#.#


You could see Ijyb.

Vanquished Creatures
  4 ogres
  A scorpion (D:4)
  A hound (D:4)
  3 iguanas
  2 worker ants (D:4)
  A hound skeleton (D:4)
  A howler monkey skeleton (D:4)
  3 river rats (D:3)
  5 adders
  A shadow imp (D:5)
  3 worms (D:3)
  2 dart slugs
  3 leopard geckos
  2 orcs
  A ball python (D:2)
  7 bats
  3 giant cockroaches
  8 goblins
  7 hobgoblins
  3 quokkas
  10 frilled lizards
  5 kobolds
  18 rats
94 creatures vanquished.

Vanquished Creatures (collateral kills)
  A worm (D:3)
1 creature vanquished.

Grand Total: 95 creatures vanquished

Notes
Turn   | Place    | Note
-------+----------+-------------------------------------------
     0 | D:1      | kae the Demonspawn Transmuter began the quest for the Orb.
     0 | D:1      | Reached XP level 1. HP: 15/15 MP: 3/3
   192 | D:1      | Gained mutation: You have a pair of small horns on your head. [demonic ancestry]
   192 | D:1      | Reached XP level 2. HP: 13/21 MP: 3/5
   507 | D:1      | Reached skill level 3 in Unarmed Combat
  1016 | D:2      | Learned a level 2 spell: Sticks to Snakes
  1045 | D:2      | Gained mutation: When hurt, damage is shared between your health and your magic reserves. [demonic ancestry]
  1045 | D:2      | Reached XP level 3. HP: 25/26 MP: 4/6
  1050 | D:2      | Learned a level 3 spell: Spider Form
  1625 | D:3      | Found a sparkling altar of Nemelex Xobeh.
  1762 | D:3      | Gained mutation: You are partially covered in rugged brown scales. (AC +1, +3% HP) [demonic ancestry]
  1762 | D:3      | Reached XP level 4. HP: 10/33 MP: 1/7
  1874 | D:3      | Found a glowing drain.
  1885 | Sewer    | Entered a sewer
  3193 | D:3      | Reached XP level 5. HP: 34/39 MP: 6/8
  3599 | D:4      | Reached skill level 4 in Unarmed Combat
  3761 | D:4      | Gained mutation: You are mostly covered in rugged brown scales. (AC +2, +5% HP) [demonic ancestry]
  3761 | D:4      | Reached XP level 6. HP: 35/48 MP: 10/10
  4229 | D:4      | Gained mutation: You regenerate magic rapidly. [demonic ancestry]
  4229 | D:4      | Reached XP level 7. HP: 54/54 MP: 2/12
  4337 | D:4      | Found an opulent altar of Gozag.
  4403 | D:5      | Entered Level 5 of the Dungeon
  4410 | D:5      | Reached skill level 5 in Unarmed Combat
  4456 | D:5      | Found a glowing silver altar of Zin.
  4607 | D:5      | Noticed Ijyb
  4617 | D:5      | Splashed by Ijyb's acid

Vault maps used:
D:1:      dpeg_arrival_tiny_a, hex_intersection
D:3:      lightli_sewer_entry_pipes, nemelex_diamond_rough_becter
D:4:      kennysheep_little_box
D:5:      kennysheep_mini, lemuel_crystal_altar, minmay_temple_entry_glass,
          first_ration, uniq_ijyb, uniq_menkaure
Sewer:    sewer_co_cracked_pipes

Skill      XL: |  1  2  3  4  5  6  7 |
---------------+----------------------+-----
Transmutations | 2 3 4 |  4.5
Unarmed Combat | 3 4 5 |  5.1
Fighting       | 2 3 |  3.3
Spellcasting   | 3 |  3.5
Dodging        | |  1.7

Action                   |  1- 3 |  4- 6 |  7- 9 || total
-------------------------+-------+-------+-------++-------
Melee: Unarmed           |    83 |    64 |    17 ||   164
       Kick              |    14 |     1 |       ||    15
       Headbutt          |    15 |    10 |     2 ||    27
       Punch             |     1 |     1 |       ||     2
       Hand axe          |    32 |    91 |    20 ||   143
 Cast: Beastly Appendage |    17 |     1 |       ||    18
       Spider Form       |     2 |    11 |     3 ||    16
       Sticks to Snakes  |     2 |     2 |     1 ||     5
  Use: Scroll            |     6 |       |       ||     6
       Potion            |       |     2 |       ||     2
 Stab: Sleeping          |       |     6 |       ||     6
  Eat: Chunk             |     3 |    10 |     1 ||    14
Armor: Robe              |    14 |    31 |     7 ||    52
       Skin              |       |     3 |     1 ||     4
Dodge: Dodged            |    66 |   108 |    22 ||   196
Block: Other             |     8 |    17 |     4 ||    29

Table legend:
 A = Spawn XP
 B = Non-spawn XP
 C = Spawn XP percentage of total XP
 D = Spawn monster count
 E = Non-spawn monster count
 F = Spawn count percentage of total count
 G = Total turns spent on level
                    A         B        C        D         E        F      G
               +---------+---------+-------+---------+---------+-------+---------
         Total |       0 |    1018 |   0.0 |       0 |      95 |   0.0 |  4617
               +---------+---------+-------+---------+---------+-------+---------
           D:1 |       0 |      36 |   0.0 |       0 |      22 |   0.0 |  1006
           D:2 |       0 |      26 |   0.0 |       0 |      14 |   0.0 |   486
           D:3 |       0 |     170 |   0.0 |       0 |      21 |   0.0 |  1386
           D:4 |       0 |     574 |   0.0 |       0 |      15 |   0.0 |   837
           D:5 |       0 |     168 |   0.0 |       0 |       5 |   0.0 |   214
         Sewer |       0 |      44 |   0.0 |       0 |      18 |   0.0 |   688
               +---------+---------+-------+---------+---------+-------+---------
